 Dungeon Crawl Stone Soup version 0.21.1-1-g345015f (webtiles) character file.

30 inc the Stinger (level 3, -1/21 HPs)
             Began as an Octopode Venom Mage on June 12, 2018.
             Slain by a kobold
             ... wielding a +0 whip
              (4 damage)
             ... on level 1 of the Dungeon.
             The game lasted 00:00:48 (617 turns).

inc the Stinger (Octopode Venom Mage)                Turns: 617, Time: 00:00:48

Health: -1/21      AC:  1    Str:  7    XL:     3   Next: 18%
Magic:  0/7        EV: 13    Int: 18    God:
Gold:   0          SH:  0    Dex: 12    Spells: 6/7 levels left

rFire    . . .     SeeInvis .   (no weapon)
rCold    . . .     Gourm    .   (no shield)
rNeg     . . .     Faith    .   (helmet restricted)
rPois    .         Spirit   .   (no amulet)
rElec    .         Reflect  .   (no ring)
rCorr    .         Harm     .   (no ring)
MR       .....                  (no ring)
Stlth    +++.......             (no ring)
HPRegen  0.07/turn              (no ring)
MPRegen  0.10/turn              (no ring)
                                (no ring)
                                (no ring)

@: very slightly contaminated
A: almost no armour, stealthy swim, amphibious, 8 rings, constrict 8, camouflage
1, gelatinous body 1
a: no special abilities


You were on level 1 of the Dungeon.
You were not hungry.

You visited 1 branch of the dungeon, and saw 1 of its levels.

Inventory:

Scrolls
 d - a scroll of teleportation {unknown}
Potions
 c - a potion of degeneration {unknown}
 e - a potion of resistance {unknown}
Books
 a - a Young Poisoner's Handbook

   Spells                             Type                      Level
   a - Sting                          Conjuration/Poison           1
   b - Poisonous Vapours              Poison/Air                   2
   c - Mephitic Cloud                 Conjuration/Poison/Air       3
   d - Olgreb's Toxic Radiance        Poison                       4
   e - Venom Bolt                     Conjuration/Poison           5
Comestibles
 b - a ration


   Skills:
 - Level 2.0 Dodging
 - Level 2.6 Stealth
 + Level 2.7 Spellcasting
 + Level 2.1 Conjurations
 - Level 3.6 Poison Magic


You had 6 spell levels left.
You knew the following spells:

 Your Spells              Type           Power        Failure   Level  Hunger
a - Sting                 Conj/Pois      ##..         4%          1    None


Dungeon Overview and Level Annotations

Branches:
Dungeon (1/15)

Altars:


Innate Abilities, Weirdness & Mutations

You cannot wear most types of armour.
You are very stealthy in the water. (Stealth+)
You are amphibious.
You can wear up to eight rings at the same time.
You can use your tentacles to constrict eight enemies at once.
Your skin changes colour to match your surroundings (Stealth+).
Your rubbery body absorbs attacks. (AC +1, EV +1)


Message History

The sting hits the hobgoblin.
The hobgoblin is severely wounded.
The hobgoblin hits you.
* * * LOW HITPOINT WARNING * * *
Casting: Sting
Confirm with . or Enter, or press ? or * to list all spells.
You don't have enough magic to cast that spell.
Unknown command.
Casting: Sting
Confirm with . or Enter, or press ? or * to list all spells.
You don't have enough magic to cast that spell.
Unknown command.
You tentacle-slap the hobgoblin. You grab the hobgoblin.
The hobgoblin is almost dead.
You constrict the hobgoblin.
You kill the hobgoblin!
You closely miss the kobold. You grab the kobold.
You constrict the kobold, but do no damage.
The kobold hits you with a whip.
You die...

##..#.#.####### #...#.#.# #.
#..##.#.####### .##
......#.#.....# ..#
#######.#.....# #.##
........#.....# ###..#
#########.....# #....#
#########.....########....####...
................@K.l.)...........
#####...#)....#####(#.#+#..###h..
.# #...#.....# #.#.# ##.# .#
#...#.....# #.#.# .# .#
#...####### #.... .. ############
###.# #.# ...........# ... .#
##########.# ... .. ......# #.#


You could see a kobold and a frilled lizard.

Vanquished Creatures
  A gnoll (D:1)
  A dart slug (D:1)
  2 bats (D:1)
  A goblin (D:1)
  2 hobgoblins (D:1)
  5 jackals (D:1)
  3 kobolds (D:1)
  A rat (D:1)
16 creatures vanquished.

Notes
Turn   | Place    | Note
-------+----------+-------------------------------------------
     0 | D:1      | inc the Octopode Venom Mage began the quest for the Orb.
     0 | D:1      | Reached XP level 1. HP: 11/11 MP: 3/3
    71 | D:1      | Reached XP level 2. HP: 17/17 MP: 0/5
   583 | D:1      | Reached XP level 3. HP: 21/21 MP: 0/7
   617 | D:1      | Slain by a kobold

Skill      XL: |  1  2 |
---------------+-------+-----
Conjurations   | 2 |  2.1
Dodging        | |  2.0
Stealth        | |  2.6
Spellcasting   | |  2.7
Poison Magic   | |  3.6

Action                   || total
-------------------------++-------
Melee: Unarmed           ||    24
       Constrict         ||     8
       Tentacles         ||     2
 Cast: Sting             ||    23
Armor: Skin              ||     4
Dodge: Dodged            ||    18
